 Dungeon Crawl Stone Soup version 0.25.0-3-gd7cc5688da (webtiles) character file.

Game seed: 12909008782036927979

609 grisnicke the Spear-Bearer (level 7, -8/50 HPs)
             Began as a Merfolk Skald on June 15, 2020.
             Mangled by Prince Ribbit (16 damage)
             ... on level 5 of the Dungeon.
             The game lasted 00:29:59 (6196 turns).

grisnicke the Spear-Bearer (Merfolk Skald)          Turns: 6196, Time: 00:30:00

Health: -8/50      AC: 12    Str: 14    XL:     7   Next: 43%
Magic:  5/10       EV: 11    Int: 12    God:
Gold:   225        SH:  0    Dex: 13    Spells: 4/10 levels left

rFire    + . .     SeeInvis .   s - +0 trident
rCold    + . .     Gourm    .   (no shield)
rNeg     . . .     Faith    .   c - +1 ring mail {rC+}
rPois    .         Spirit   .   (no helmet)
rElec    .         Reflect  .   x - +0 cloak
rCorr    .         Harm     .   v - +0 pair of gloves
MR       .....                  (no boots)
Stlth    +.........             (no amulet)
HPRegen  0.16/turn              p - +4 ring of protection
MPRegen  0.12/turn              f - ring of protection from fire

@: infused, hasted, very quick
A: change form in water, swift swim, stealthy swim
a: no special abilities


You were on level 5 of the Dungeon.
You were not hungry.

You visited 1 branch of the dungeon, and saw 5 of its levels.

You collected 225 gold pieces.

Inventory:

Hand Weapons
 a - a +0 spear
 s - a +0 trident (weapon)
Missiles
 i - 8 datura-tipped darts
 o - 93 stones (quivered)
 r - 4 atropa-tipped darts
Armour
 b - a +0 chain mail of cold resistance
 c - a +1 ring mail of cold resistance (worn)
 v - a +0 pair of gloves (worn)
 x - a +0 cloak (worn)
Jewellery
 f - a ring of protection from fire (right hand)
 p - a +4 ring of protection (left hand)
Scrolls
 g - a scroll of amnesia
 l - a scroll of magic mapping {unknown}
 t - a scroll of teleportation
 u - a scroll of immolation {unknown}
 w - 4 scrolls of remove curse
 A - a scroll of enchant weapon {unknown}
Potions
 h - a potion of haste
 j - a potion of ambrosia {unknown}
 k - 2 potions of brilliance
 m - 2 potions of heal wounds {unknown}
 n - 2 potions of stabbing {unknown}
 q - 3 potions of curing
 z - a potion of might {unknown}
Comestibles
 d - 4 chunks of flesh
 e - 10 rations


   Skills:
 - Level 2.2 Fighting
 * Level 8.3 Polearms
 - Level 0.8 Armour
 - Level 2.9 Dodging
 - Level 2.0 Spellcasting
 + Level 3.3 Hexes
 + Level 5.3 Charms


You had 4 spell levels left.
You knew the following spells:

 Your Spells              Type           Power        Failure   Level  Hunger
a - Infusion              Chrm           ##..         6%          1    ##.....
b - Shroud of Golubria    Chrm/Tloc      #.....       28%         2    ###....
c - Spectral Weapon       Hex/Chrm       ##......     28%         3    ####...

Your spell library contained the following spells:

 Spells                   Type           Power        Failure   Level  Hunger
 Song of Slaying          Chrm           ##......     10%         2    ###....
 Ozocubu's Armour         Chrm/Ice       #.......     50%         3    ####...


Dungeon Overview and Level Annotations

Branches:
Dungeon (5/15)
 Temple: D:4-7

Altars:
Gozag
Kikubaaqudgha
Zin

Shops:
D:5 %

Annotations:
D:4 3 runed translucent doors, Raspi's ghost, amateur GrFi; Scuka's ghost, novice KoBe; Skimidon's ghost, novice MiFi
D:5 Menkaure; Prince Ribbit


Message History

You kill the leopard gecko!
Prince Ribbit hits you!
You closely miss Prince Ribbit.
Your spectral weapon barely misses Prince Ribbit.
Prince Ribbit hits you.
You closely miss Prince Ribbit.
Your spectral weapon misses Prince Ribbit.
Prince Ribbit closely misses you.
You closely miss Prince Ribbit.
Your spectral weapon hits Prince Ribbit from afar!
Prince Ribbit hits you!
You are too injured to fight recklessly!
You are too injured to fight recklessly!
It was a potion of haste.
You feel yourself speed up.
h - a potion of haste;
A - a scroll labeled QAXZUI XUUGIEL Prince Ribbit hits you!
* * * LOW HITPOINT WARNING * * *
A worm comes into view.
Prince Ribbit hits you!
You die...

# #. #.##
######### #...
##≈≈≈≈≈≈≈######...
#(#######≈##....##
#@# #≈#.....## #F#
#.#.....#. #≈#
#≈#.#..... #≈#
#≈#.###... #≈#
#.#.###... #≈#
#≈#......# ##w
##.#.....## #
#.##...>.#
#.#......#


You could see Prince Ribbit, a worm and a friendly spectral +0 trident.

Vanquished Creatures
  A phantom (D:5)
  2 hounds (D:4)
  3 orc priests
  A gnoll shaman (D:4)
  2 iguanas (D:4)
  2 orc wizards (D:2)
  A worker ant (D:4)
  3 gnolls (D:4)
  6 adders
  3 worms
  A dart slug (D:1)
  5 leopard geckos
  26 orcs
  3 ball pythons
  7 giant cockroaches
  7 goblins
  3 hobgoblins
  5 quokkas
  8 bats
  5 frilled lizards
  4 kobolds
  8 rats
106 creatures vanquished.

Vanquished Creatures (others)
  3 withered plants (D:4)
3 creatures vanquished.

Grand Total: 109 creatures vanquished

Notes
Turn   | Place    | Note
-------+----------+-------------------------------------------
     0 | D:1      | grisnicke the Merfolk Skald began the quest for the Orb.
     0 | D:1      | Reached XP level 1. HP: 16/16 MP: 3/3
   355 | D:1      | Reached XP level 2. HP: 22/22 MP: 5/5
   377 | D:1      | Learned a level 2 spell: Shroud of Golubria
   863 | D:2      | Found an ancient bone altar of Kikubaaqudgha.
   891 | D:2      | Reached skill level 4 in Polearms
   891 | D:2      | Reached XP level 3. HP: 24/27 MP: 0/6
   919 | D:2      | Learned a level 3 spell: Spectral Weapon
  2100 | D:2      | Reached skill level 5 in Polearms
  2100 | D:2      | Reached skill level 1 in Hexes
  2100 | D:2      | Reached XP level 4. HP: 16/33 MP: 2/7
  2640 | D:3      | Reached XP level 5. HP: 27/38 MP: 2/8
  2812 | D:3      | Found an opulent altar of Gozag.
  3253 | D:2      | Reached skill level 6 in Polearms
  3966 | D:3      | Reached XP level 6. HP: 44/44 MP: 6/9
  4719 | D:4      | Reached skill level 7 in Polearms
  5046 | D:4      | Reached skill level 5 in Charms
  5100 | D:4      | Found a runed translucent gate.
  5101 | D:4      | Found a runed translucent gate.
  5101 | D:4      | Found a runed translucent gate.
  5101 | D:4      | Noticed Skimidon's ghost (novice MiFi)
  5101 | D:4      | Noticed Raspi's ghost (amateur GrFi)
  5101 | D:4      | Noticed Scuka's ghost (novice KoBe)
  5201 | D:4      | Reached XP level 7. HP: 49/50 MP: 8/10
  5653 | D:4      | Found a glowing silver altar of Zin.
  5782 | D:5      | Entered Level 5 of the Dungeon
  5833 | D:5      | Reached skill level 8 in Polearms
  5853 | D:5      | Found Kodis's Food Boutique.
  5859 | D:5      | Noticed Menkaure
  6184 | D:5      | Noticed Prince Ribbit
  6196 | D:5      | Mangled by Prince Ribbit

Illustrated notes

Levels and vault maps discovered:
D:1:      dpeg_arrival_round_a, layout_basic
D:2:      layout_loops_ring, kiku_gazebo_pond_becter
D:3:      layout_loops_cross, nicolae_gozag_seed_capital
D:4:      layout_cave_pools, zin_academy, gammafunk_ghost_cemetery,
          grunt_ministairs_1
D:5:      minmay_bubble_buster, layout_layer_cave, first_ration,
          gup_sewer_entry_spiral, serial_shops, shop, st_stairs_11,
          nrook_mini_vaults, uniq_prince_ribbit1, uniq_menkaure

Skill      XL: |  1  2  3  4  5  6  7 |
---------------+----------------------+-----
Polearms       | 4 5 6 7 8 |  8.3
Hexes          | 1 2 3 |  3.3
Charms         | 4 5 |  5.3
Fighting       | |  2.2
Armour         | |  0.8
Dodging        | |  2.9
Spellcasting   | |  2.0

Action                   |  1- 3 |  4- 6 |  7- 9 || total
-------------------------+-------+-------+-------++-------
Melee: Spear             |   131 |    35 |       ||   166
       Trident           |       |   225 |    55 ||   280
       Tailslap          |       |       |     1 ||     1
Throw: Stone             |       |    42 |    12 ||    54
 Cast: Infusion          |     5 |    23 |     7 ||    35
       Shroud of Golubri |     1 |       |       ||     1
       Spectral Weapon   |       |       |     1 ||     1
  Use: Scroll            |       |     3 |     2 ||     5
       Potion            |       |       |     1 ||     1
 Stab: Sleeping          |     2 |       |       ||     2
       Distracted        |       |     1 |     1 ||     2
  Eat: Chunk             |     4 |    10 |     4 ||    18
Armor: Leather armour    |    29 |       |       ||    29
       Ring mail         |       |    67 |     8 ||    75
Dodge: Dodged            |    58 |    99 |    11 ||   168
